 Dungeon Crawl Stone Soup version 0.29-a0-200-gc7997b95f3 (console) character file.

Game seed: 12405607508397935552

7074 Gather the Conjurer (level 10, -1/74 HPs)
             Began as a Mummy Conjurer on Feb 22, 2022.
             Was a Follower of Ashenzari.
             Slain by a deep troll earth mage (20 damage)
             ... on level 9 of the Dungeon on Feb 23, 2022.
             The game lasted 01:06:21 (14303 turns).

Gather the Conjurer (Mummy Conjurer)               Turns: 14303, Time: 01:06:22

Health: -1/74      AC: 13    Str: 11    XL:     10   Next: 84%
Magic:  1/19       EV: 11    Int: 32    God:    Ashenzari [*.....]
Gold:   555        SH:  9    Dex: 11    Spells: 7/22 levels left

rFire   x . .      SeeInvis .   f - +4 dagger (venom)
rCold   + . .      Faith    .   O - +0 buckler
rNeg    + + +      Spirit   .   z - +3 leather armour
rPois   ∞          Reflect  +   (no helmet)
rElec   .          Harm     .   T - +1 cloak
rCorr   .          Rampage  .   L - +2 pair of gloves
Will    ++...                   K - +0 pair of boots "Visionary of Ashenzari" {Int+5, Alch, Evo} (curse)
Stlth   ++........              n - amulet "Ensconced Seer" {Reflect SH+5, Fort, Melee} (curse)
HPRegen 0.22/turn               q - +6 ring of intelligence
MPRegen 0.16/turn               E - ring of willpower

@: no status effects
A: cold resistance 1, negative energy resistance 3, torment resistance 2, heat
vulnerability 1, no potions
a: Renounce Religion, Curse Item, Shatter the Chains


You were on level 9 of the Dungeon.
You worshipped Ashenzari.
Ashenzari was aware of your devotion.
You visited 2 branches of the dungeon, and saw 11 of its levels.
You also visited: Ossuary.

You collected 555 gold pieces.

Inventory:

Hand Weapons
 b - a +0 dagger
 c - a +0 hand axe
 e - a +0 whip
 f - a +4 dagger of venom (weapon)
 l - a +0 mace
 o - a +0 dagger of draining
 C - a +0 shortbow
 F - a +0 hand axe of freezing
 J - a +0 arbalest
 N - a +0 halberd
 R - a +0 long sword
Missiles
 d - 163 stones
 h - 5 javelins (quivered)
 u - 2 throwing nets
 A - 2 boomerangs of dispersal
 G - 15 poisoned darts
 S - a curare-tipped dart
Armour
 a - a +0 robe
 g - a +0 leather armour
 i - a +0 pair of gloves
 v - a +0 ring mail
 x - a +0 leather armour
 z - a +3 leather armour (worn)
 D - +0 shadow dragon scales
 K - the cursed +0 pair of boots "Visionary of Ashenzari" (worn) {Int+5, Alch, Evo}
   (You found it on level 7 of the Dungeon)

   Int:       It affects your intelligence (+5).
   It has a curse which improves the following skills: Alchemy: Poison Magic and
   Transmutations.
   Evocations: Evocations.
 L - a +2 pair of gloves (worn)
 O - a +0 buckler (worn)
 T - a +1 cloak (worn)
Jewellery
 n - the cursed amulet "Ensconced Seer" (around neck) {Reflect SH+5, Fort, Melee}
   (You found it on level 3 of the Dungeon)

   [amulet of reflection]

   It reflects blocked missile attacks.
   SH:        It affects your SH (+5).
   It has a curse which improves the following skills: Fortitude: Armour and
   Shields.
   Melee Combat: Short Blades, Long Blades, Axes, Maces & Flails, Polearms,
   Staves and Unarmed Combat.
 q - a +6 ring of intelligence (left hand)
 E - a ring of willpower (right hand)
Wands
 r - a wand of flame (54)
 t - a wand of paralysis (9)
 y - a wand of polymorph (5)
 B - a wand of charming (11)
 M - a wand of digging (5)
 P - a wand of iceblast (9)
Scrolls
 j - 2 scrolls of torment
 k - 2 scrolls of teleportation
 m - 2 scrolls of fear
 p - a scroll of vulnerability
 s - 3 scrolls of immolation
 w - 2 scrolls of blinking
 H - a scroll of amnesia
 I - 2 scrolls of identify
 Q - a scroll of enchant weapon
 U - a scroll of brand weapon


   Skills:
 + Level 5.1 Fighting
 - Level 4.3(5.1) Armour
 - Level 2.0 Dodging
 - Level 4.0 Stealth
 - Level 3.2(4.0) Shields
 + Level 6.6 Spellcasting
 + Level 7.3 Conjurations
 + Level 7.1 Hexes
 + Level 3.6 Necromancy
 + Level 3.7(4.5) Evocations


You had 7 spell levels left.
You knew the following spells:

 Your Spells              Type           Power      Damage    Failure   Level
a - Searing Ray           Conj           100%       2d8       1%          2
b - Magic Dart            Conj           100%       1d8       1%          1
c - Agony                 Necr           33%        N/A       41%         5
d - Dazzling Flash        Conj/Hex       100%       N/A       1%          3
f - Fulminant Prism       Conj/Hex       27%        3d14      3%          4

Your spell library contained the following spells:

 Spells                   Type           Power      Damage    Failure   Level
 Cause Fear               Hex            27%        N/A       3%          4
 Inner Flame              Hex/Fire       33%        N/A       4%          3
 Portal Projectile        Hex/Tloc       66%        N/A       4%          3
 Iskenderun's Mystic Bla  Conj/Tloc      34%        2d8       16%         4
 Ozocubu's Armour         Ice            10%        N/A       22%         3
 Excruciating Wounds      Necr           16%        N/A       41%         5
 Metabolic Englaciation   Hex/Ice        16%        N/A       43%         5
 Silence                  Hex/Air        16%        N/A       43%         5
 Starburst                Conj/Fire      17%        6d6       94%         6
 Simulacrum               Ice/Necr       11%        N/A       99%         6
 Dispersal                Tloc           5%         N/A       100%        6
 Discord                  Hex            27%        N/A       100%        8
 Disjunction              Tloc           5%         N/A       100%        8
 Blade Hands              Tmut           Unusable   N/A       N/A         5

Dungeon Overview and Level Annotations

Branches:
Dungeon (10/15)            Temple (1/1) D:6         Ossuary (visited)
   Lair: D:8-11         Orc: D:9-12

Altars:
Ashenzari
Dithmenos
Elyvilon
Gozag
Nemelex Xobeh
Okawaru
Ru
Trog
Vehumet
Wu Jian
Xom
Yredelemnul

Shops:
D:9 !

Annotations:
D:8 Gastronok


Innate Abilities, Weirdness & Mutations

You are immune to poison.
Your flesh is cold resistant. (rC+)
You are immune to negative energy. (rN+++)
You are immune to unholy pain and torment.
You are vulnerable to heat. (rF-)
You do not drink.


Message History

Casting: Fulminant Prism (dangerous; 3% risk of failure)
Confirm with . or Enter, or press ? or * to list all spells.
Aiming: Fulminant Prism (dangerous; 3% risk of failure)
Press: ? - help, Dir - move target You conjure a prism of explosive energy!
A fulminant prism comes into view.
The deep troll earth mage bites you but does no damage.
The deep troll earth mage claws you. The deep troll earth mage claws you!
Casting: Fulminant Prism (dangerous; 3% risk of failure)
Confirm with . or Enter, or press ? or * to list all spells.
You don't have enough magic to cast this spell.
You hit the deep troll earth mage.
The deep troll earth mage is almost dead.
The deep troll earth mage bites you but does no damage.
The deep troll earth mage claws you!
The deep troll earth mage claws you but does no damage.
Your fulminant prism crackles loudly.
You closely miss the deep troll earth mage.
The deep troll earth mage is almost dead.
The deep troll earth mage bites you!
The deep troll earth mage claws you but does no damage. x2
Your fulminant prism explodes!
The blast of energy engulfs the deep troll earth mage.
The deep troll earth mage is almost dead.
You closely miss the deep troll earth mage.
The deep troll earth mage is almost dead.
The deep troll earth mage points next to you and mumbles some strange words.
The statue shatters!
The blast of rock fragments hits you!
* * * LOW HITPOINT WARNING * * *
Aiming: Paralyse
Press: ? - help, Shift-Dir - straight line, f - deep troll earth mage
Aim: a deep troll earth mage (almost dead, chance to affect: 42%)
Okay, then.
Aiming: Throw Flame
Press: ? - help, Shift-Dir - straight line, f - deep troll earth mage
Aim: a deep troll earth mage (almost dead, 74% to hit)
The puff of flame hits the deep troll earth mage but does no damage.
The deep troll earth mage is almost dead.
The deep troll earth mage bites you!!
You die...

##### #...######
#........#
#........###
#...T8.....#
#...8@8..#.#
#....8...#.# #####
#........#.#######....
#........#....)[...###
#.##......#.#)..#..##
#.##.#####..#...#...##
#.##.# #..#####..))[
#.##.#####∩.# #.)[##
#.##.....#..#####..##
#.###.)).........))##
#......)..)###.##...#


You could see a deep troll earth mage.

Vanquished Creatures
  2 two-headed ogres (D:9)
  Maurice (D:9)
  2 wraiths
  A basilisk (D:10)
  9 yaks (D:8)
  A water moccasin (D:9)
  An acid dragon (D:9)
  2 sky beasts
  An ice beast (D:8)
  2 orc warriors
  A black bear (D:6)
  A necrophage (D:6)
  4 ogres
  5 centaurs
  A phantom (D:5)
  2 kobold brigands
  An elf skeleton (D:4)
  A gnoll sergeant (D:8)
  2 scorpions
  2 water moccasin zombies (D:7)
  6 killer bees (D:10)
  A howler monkey (D:5)
  3 bullfrog zombies (D:6)
  6 centaur zombies
  A hound (D:5)
  A centaur skeleton (D:7)
  4 orc priests
  2 jellies
  3 human skeletons (D:4)
  9 orc wizards
  An iguana (D:5)
  Natasha (twice) (D:2)
  A killer bee zombie (D:7)
  3 ogre zombies (Ossuary)
  7 mummies (Ossuary)
  A hound zombie (D:5)
  A hound skeleton (D:4)
  5 howler monkey zombies
  Robin (D:2)
  7 gnolls
  4 adders
  A river rat (D:4)
  2 shadow imps (D:6)
  An ufetubus (D:4)
  8 adder zombies (Ossuary)
  An adder skeleton (D:4)
  2 worms
  3 dart slugs
  19 orcs
  7 ball pythons
  10 bats
  7 endoplasms
  A giant cockroach (D:1)
  19 goblins
  5 hobgoblins
  3 jackals (D:4)
  16 kobolds
  3 quokkas (D:3)
  5 frilled lizards
  3 goblin zombies (Ossuary)
  2 hobgoblin zombies (Ossuary)
  4 kobold zombies (Ossuary)
  2 orc zombies (D:4)
  3 quokka zombies (Ossuary)
  11 rats
  5 rat zombies (Ossuary)
  A fulminant prism (D:10)
255 creatures vanquished.

Vanquished Creatures (others)
  66 fulminant prisms
  2 plants (D:2)
68 creatures vanquished.

Grand Total: 323 creatures vanquished

Notes
Turn   | Place    | Note
-------+----------+-------------------------------------------
     0 | D:1      | Gather the Mummy Conjurer began the quest for the Orb.
     0 | D:1      | Reached XP level 1. HP: 13/13 MP: 4/4
   221 | D:1      | Reached XP level 2. HP: 19/19 MP: 1/5
   228 | D:1      | Learned a level 2 spell: Searing Ray
   931 | D:2      | Reached XP level 3. HP: 25/25 MP: 1/7
  1116 | D:2      | Reached skill level 1 in Fighting
  1481 | D:2      | Noticed Robin
  1638 | D:2      | Killed Robin
  1656 | D:2      | Reached XP level 4. HP: 17/32 MP: 1/9
  1919 | D:2      | Noticed Natasha
  1927 | D:2      | Learned a level 4 spell: Fulminant Prism
  1931 | D:2      | Learned a level 3 spell: Dazzling Flash
  1939 | D:2      | Killed Natasha
  1940 | D:2      | Reached skill level 1 in Hexes
  2013 | D:2      | Noticed Natasha
  2018 | D:2      | Killed Natasha
  2110 | D:2      | Found a faded altar of an unknown god.
  2526 | D:3      | Reached XP level 5. HP: 37/37 MP: 6/10
  3477 | D:3      | Found a shadowy altar of Dithmenos.
  3477 | D:3      | Found an iron altar of Okawaru.
  4065 | D:4      | Reached XP level 6. HP: 39/43 MP: 2/12
  4227 | D:4      | Found a sand-covered staircase.
  4339 | Ossuary  | Entered an ossuary
  4601 | Ossuary  | Reached skill level 5 in Spellcasting
  5189 | Ossuary  | Reached XP level 7. HP: 48/48 MP: 0/14
  6263 | D:4      | Reached skill level 5 in Conjurations
  6800 | D:5      | Entered Level 5 of the Dungeon
  6977 | D:5      | Reached XP level 8. HP: 44/58 MP: 7/16
  7304 | D:5      | Reached skill level 1 in Armour
  7393 | D:5      | Reached skill level 5 in Hexes
  8300 | D:6      | Found a staircase to the Ecumenical Temple.
  8309 | Temple   | Entered the Ecumenical Temple
  8348 | Temple   | Became a worshipper of Ashenzari the Shackled
  8847 | D:6      | Reached skill level 1 in Evocations
  8847 | D:6      | Reached XP level 9. HP: 64/64 MP: 6/17
  9527 | D:7      | Found a sparkling altar of Nemelex Xobeh.
  9846 | D:7      | Found a basalt altar of Yredelemnul.
 10065 | D:7      | Identified the +0 pair of boots of the Gloaming {Int+5}
 10077 | D:7      | Learned a level 5 spell: Agony
 10088 | D:7      | Found a bloodstained altar of Trog.
 10449 | D:7      | Found an opulent altar of Gozag.
 10683 | D:8      | Reached skill level 1 in Necromancy
 11382 | D:8      | Reached XP level 10. HP: 71/71 MP: 11/18
 11704 | D:8      | Noticed Gastronok
 12151 | D:8      | Found a sacrificial altar of Ru.
 12154 | D:8      | Reached * piety under Ashenzari
 12340 | D:8      | Reached skill level 1 in Shields
 12986 | D:9      | Found Teseq's Distillery.
 13212 | D:9      | Noticed a two-headed ogre
 13218 | D:9      | Killed a two-headed ogre
 13580 | D:9      | Noticed a two-headed ogre
 13592 | D:9      | Killed a two-headed ogre
 13703 | D:9      | Noticed Maurice
 13712 | D:9      | Killed Maurice
 14207 | D:9      | Upgraded the game from 0.29-a0-193-ga21e45360d to
                  | 0.29-a0-200-gc7997b95f3
 14213 | D:10     | Entered Level 10 of the Dungeon
 14217 | D:10     | Reached skill level 5 in Fighting
 14291 | D:10     | Noticed a two-headed ogre
 14293 | D:10     | Noticed a gargoyle
 14293 | D:10     | Noticed a gargoyle
 14294 | D:10     | Noticed a boulder beetle
 14294 | D:10     | Noticed a deep troll earth mage
 14294 | D:10     | Noticed a two-headed ogre
 14296 | D:10     | Noticed a gargoyle
 14296 | D:10     | Noticed a gargoyle
 14303 | D:9      | Slain by a deep troll earth mage

Illustrated notes

Levels and vault maps discovered:
D:1:      scummos_arrival_gate, layout_basic
D:2:      layout_loops_cross, shapermc_ecumenical_altar_petra, uniq_robin,
          uniq_natasha
D:3:      layout_basic, minitemple, grunt_ministairs_2, minivault_27,
          minmay_distorted
D:4:      layout_cave_pools, nicolae_ossuary_entry_catacombs,
          portal_sewer_entry_a
D:5:      layout_rooms
D:6:      layout_loops_ring, minmay_temple_entry_grid, serial_glass,
          glass_columns_a, glass_columns_b
D:7:      layout_loops_corners, nicolae_yredelemnul_corpse_copse,
          nemelex_dance_club_becter, nicolae_overflow_hidden_temple,
          kennysheep_little_box
D:8:      layout_loops_ring, nicolae_ru_the_path_less_chosen,
          mainiacjoe_overflow_24_doors, st_stairs_7, serial_park_tiny_pond,
          hangedman_abyss_or_decor_lesser_grid, uniq_gastronok
D:9:      layout_loops_ring, serial_shops, shop, st_stairs_14, uniq_maurice
D:10:     minmay_roctagon, layout_stronghold, lemuel_coloured_pillars_altar,
          nicolae_sif_muna_little_library, minmay_misc_feat_diagonals
Temple:   jpeg_temple_alley_garden

Skill      XL: |  1  2  3  4  5  6  7  8  9 10 |
---------------+-------------------------------+-----
Spellcasting   | 3 4 5 6 |  6.6
Fighting       | 1 3 4 5 |  5.1
Hexes          | 2 3 4 5 6 7 |  7.1
Conjurations   | 4 5 6 7 |  7.3
Armour         | 3 4 |  4.3
Stealth        | 2 3 4 |  4.0
Evocations     | 1 2 3 |  3.7
Necromancy     | 2 3 |  3.6
Dodging        | 2 |  2.0
Shields        | 3 |  3.2

Action                   |  1- 3 |  4- 6 |  7- 9 | 10-12 || total
-------------------------+-------+-------+-------+-------++-------
Melee: Whip              |    13 |     3 |       |       ||    16
       Hand axe          |     1 |       |     5 |       ||     6
       Dagger            |       |     4 |     6 |    19 ||    29
Throw: Javelin           |     3 |       |     4 |       ||     7
 Cast: Magic Dart        |    31 |     8 |     6 |       ||    45
       Searing Ray       |    23 |    60 |    90 |    20 ||   193
       Fulminant Prism   |       |     2 |    29 |    36 ||    67
Invok: Curse Item        |       |       |     1 |     1 ||     2
Evoke: Wand              |       |       |       |     2 ||     2
  Use: Scroll            |     1 |     3 |     5 |       ||     9
 Stab: Sleeping          |       |     3 |       |       ||     3
       Paralysed         |       |       |       |     4 ||     4
Armor: Robe              |    10 |    11 |    10 |       ||    31
       Leather armour    |       |       |    32 |    33 ||    65
Dodge: Dodged            |    21 |    27 |    67 |    35 ||   150
Block: Other             |       |     7 |    21 |     4 ||    32
       Reflection        |       |       |     1 |     1 ||     2
       Buckler           |       |       |       |    21 ||    21

Table legend: (Time is in decaauts)
 A = Elapsed time spent in this place.
 B = Non-inter-level travel time spent in this place.
 C = Inter-level travel time spent in this place.
 D = Time resting spent in this place.
 E = Time spent auto-exploring this place.
 F = Levels seen in this place.
 G = Mean time per level.
                   A        B        C        D        E       F      G
               +--------+--------+--------+--------+--------+-----+--------+
         Total |  14341 |  13930 |    411 |   1957 |   9694 |  12 | 1195.1 |
       Dungeon |  12699 |  12317 |    382 |   1850 |   8500 |  10 | 1269.9 |
        Temple |     64 |     35 |     29 |      0 |     32 |   1 |   64.0 |
       Ossuary |   1577 |   1577 |      0 |    107 |   1162 |   1 | 1577.0 |
               +--------+--------+--------+--------+--------+-----+--------+

Top non-repeatable levels by time:
     D:8: 1952 daAuts
     D:7: 1723 daAuts
     D:3: 1660 daAuts
 Ossuary: 1577 daAuts
     D:4: 1531 daAuts
     D:9: 1415 daAuts
     D:2: 1301 daAuts
     D:6: 1193 daAuts
     D:1: 1041 daAuts
     D:5: 863 daAuts
  Temple: 64 daAuts
    D:10: 17 daAuts
